 Dungeon Crawl Stone Soup version 0.28-a0-1234-g826d19b2e0 (webtiles) character file.

Game seed: 9639989081602718323

10375 wakim the Grappler (level 11, 0/97 (110) HPs)
             Began as a Troll Fighter on Dec 23, 2021.
             Was a Believer of Qazlal.
             Slain by a hell knight (25 damage)
             ... on level 10 of the Dungeon.
             The game lasted 00:51:02 (9416 turns).

wakim the Grappler (Troll Fighter)                  Turns: 9416, Time: 00:51:03

HP:   0/97 (110)    AC: 15    Str: 28    XL:     11   Next: 35%
MP:   12/12         EV:  1    Int:  4    God:    Qazlal [**....]
Gold: 1254          SH: 13    Dex: 11    Spells: 10/10 levels left

rFire   + + .      SeeInvis .     - Unarmed
rCold   . . .      Faith    .   w - +2 kite shield
rNeg    . . .      Spirit   .   Z - +0 gold dragon scales
rPois   +          Reflect  .   (helmet restricted)
rElec   .          Harm     .   W - +0 cloak
rCorr   .          Rampage  .   (gloves unavailable)
Will    .....                   (boots unavailable)
Stlth   ..........              (no amulet)
HPRegen 1.06/turn               s - ring of fire
MPRegen 0.13/turn               y - ring of flight

@: flying, heavily drained
A: large, unfitting armour, claws 3, regeneration 1, shaggy fur 1, tough skin 1
a: Renounce Religion, Upheaval


You were on level 10 of the Dungeon.
You worshipped Qazlal.
Qazlal was pleased with you.
You visited 3 branches of the dungeon, and saw 13 of its levels.

You collected 2455 gold pieces.
You spent 1201 gold pieces at shops.

Inventory:

Missiles
 p - 6 silver boomerangs
 q - 4 boomerangs
 t - a throwing net {=f!f}
 z - 50 poisoned darts (quivered)
 O - 2 atropa-tipped darts
Armour
 w - a +2 kite shield (worn)
 E - a +2 robe of willpower
 W - a +0 cloak (worn)
 Z - +0 gold dragon scales (worn)
Jewellery
 n - a ring of ice
 s - a ring of fire (left claw)
 y - a ring of flight (right claw)
 B - a +6 ring of strength
 I - a +4 ring of evasion
 U - a +4 ring of evasion
Wands
 o - a wand of charming (9)
 u - a wand of mindburst (11)
 v - a wand of flame (11)
 x - a wand of iceblast (3)
Scrolls
 P - a scroll of torment {!r}
 Q - 3 scrolls of immolation {!r!r}
 R - 3 scrolls of magic mapping {!r}
 T - 2 scrolls of teleportation
 Y - 2 scrolls of blinking {!r}
Potions
 r - a potion of degeneration {unknown}
 A - 2 potions of ambrosia
 C - 2 potions of berserk rage {!q}
 D - 4 potions of brilliance
 F - 6 potions of curing
 G - 4 potions of flight
 H - 2 potions of haste
 J - 4 potions of heal wounds
 L - 3 potions of lignification {!q}
 M - a potion of mutation {!q}
 N - a potion of might


   Skills:
 + Level 7.6 Fighting
 - Level 2.4 Dodging
 * Level 5.4 Shields
 + Level 12.0 Unarmed Combat
 + Level 3.3 Invocations
 + Level 5.9 Evocations


You had 10 spell levels left.
You didn't know any spells.
Your spell library contained the following spells:

 Spells                   Type           Power      Damage    Failure   Level
 Shock                    Conj/Air       0%         1d3       100%        1
 Sting                    Tmut/Pois      0%         1d3       100%        1
 Poisonous Vapours        Pois/Air       0%         N/A       100%        2
 Static Discharge         Conj/Air       0%         N/A       100%        2
 Ozocubu's Armour         Ice            0%         N/A       100%        3
 Dispel Undead            Necr           0%         3d6       100%        4
 Olgreb's Toxic Radiance  Pois           0%         N/A       100%        4
 Sticky Flame             Conj/Fire      0%         2d3       100%        4
 Alistair's Intoxication  Tmut/Pois      0%         N/A       100%        5
 Borgnjor's Vile Clutch   Necr/Erth      0%         N/A       100%        5
 Freezing Cloud           Conj/Ice/Air   0%         6-21      100%        5
 Eringya's Noxious Bog    Tmut/Pois      0%         N/A       100%        6
 Simulacrum               Ice/Necr       0%         N/A       100%        6
 Ozocubu's Refrigeration  Ice            0%         4d5       100%        7
 Polar Vortex             Ice            0%         N/A       100%        9


Dungeon Overview and Level Annotations

Branches:
Dungeon (11/15)            Temple (1/1) D:7            Lair (1/6) D:11
    Orc: D:9-12

Altars:
Ashenzari
Dithmenos
Elyvilon
Gozag
Hepliaklqana
Kikubaaqudgha
Nemelex Xobeh
Okawaru
Qazlal
Ru
Sif Muna
Trog
Uskayaw
Vehumet
Wu Jian
Xom
Yredelemnul
Zin

Shops:
D:1 :   D:4 *   D:7 [   D:9 [

Annotations:
D:8 3 runed translucent doors, RNPValinor's ghost, novice DsFi


Innate Abilities, Weirdness & Mutations

You are too large for most types of armour.
You have claws for hands.
Your natural rate of healing is unusually fast.
You are covered in fur. (AC +1)
You have tough skin. (AC +1)


Message History

You remove your +4 ring of evasion.
You fly up into the air.
y - a ring of flight (right claw) You're wearing all the rings you can.
Remove which one? (? for menu, Esc to cancel) < or
I - a +4 ring of evasion; > or
y - a ring of flight You remove your +4 ring of evasion.
You feel more attuned to fire.
s - a ring of fire (left claw)
You throw a poisoned dart.
The poisoned dart completely misses the hell knight.
The hell knight shouts!
You throw a poisoned dart.
The poisoned dart barely misses the hell knight.
The hell knight casts a spell.
The hell knight seems to speed up.
Press: ? - help, v - describe, . - travel
Here: a hell knight, wielding a +3 halberd of draining and wearing a +0 chain mail (fast)
The floor.
You throw a poisoned dart.
The poisoned dart completely misses the hell knight.
You throw a poisoned dart.
The poisoned dart barely misses the hell knight.
The hell knight casts a spell at you. The bolt of fire hits you! You resist.
You mangle the hell knight!!
The hell knight is moderately wounded.
The hell knight hits you with a +3 halberd of draining!
You feel drained.
You completely miss the hell knight.
The hell knight is moderately wounded.
The hell knight hits you with a +3 halberd of draining!!
You feel drained.
The hell knight hits you with a +3 halberd of draining!!
* * * LOW HITPOINT WARNING * * *
You feel drained.
* * * LOW HITPOINT WARNING * * *
You block the hell knight's attack.
The hell knight hits you from afar with a +3 halberd of draining!!
You die...

...#...........#.###≈≈≈###,#.##.#
...#...........#.#,,,.hp.#,#.##.#
...#...........≈.#,***##p#.#....#
...#...........≈.#,*,<,*,#.#.####
...'...#.#####.≈.#<*,,,≈,*.#.#
...###.#.......≈.#,*,,,*,*p#.#
...# #.######..≈.#,*****,*.#.#
...# #.# #..#.#,,,,,,,*.#.## ...#
#.# #..#@#########.#..# ######.#
#..#..p..<..(..#..# .....#.#
##.#############..# ####.#.#
#................# # #.#.#
######.###.##.#..# # #.#.#
#..........## # #.#.#
##########.# # #.#.# #.#
####.#.#####################.#


You could see a hell knight (fast).

Vanquished Creatures
  Fannar (Lair:1)
  A hydra (Lair:1)
  A two-headed ogre (D:10)
  An ugly thing (D:11)
  A black mamba (Lair:1)
  An efreet (D:8)
  A troll (D:9)
  Grinder (D:6)
  A hornet (D:8)
  14 yaks
  2 water moccasins (Lair:1)
  Duvessa (D:6)
  3 hell hounds (D:10)
  5 necrophages
  An orc warrior (D:9)
  A sky beast (D:4)
  2 centaurs (D:10)
  4 phantoms
  6 bullfrogs
  A gnoll sergeant (D:10)
  3 kobold brigands
  A wyvern zombie (D:8)
  Dowan (D:6)
  2 water moccasin skeletons
  10 wights
  15 killer bees
  An electric eel (D:9)
  10 howler monkeys
  2 hounds
  3 jellies
  A centaur skeleton (D:6)
  3 orc priests
  2 iguanas
  8 orc wizards
  A mummy (D:7)
  A hound skeleton (D:4)
  A howler monkey zombie (D:7)
  A howler monkey skeleton (D:5)
  14 gnolls
  8 adders
  A shadow imp (D:6)
  2 white imps
  An ufetubus (D:4)
  2 adder skeletons
  6 worms
  4 dart slugs
  27 orcs
  15 bats
  9 endoplasms
  3 giant cockroaches
  4 goblins
  7 hobgoblins
  5 jackals
  A quokka (D:1)
  10 ball pythons
  4 frilled lizards
  24 kobolds
  12 rats
274 creatures vanquished.

Vanquished Creatures (others)
  An ufetubus (D:4)
  2 fungi
  3 plants (D:3)
6 creatures vanquished.

Grand Total: 280 creatures vanquished

Notes
Turn   | Place    | Note
-------+----------+-------------------------------------------
     0 | D:1      | wakim the Troll Fighter began the quest for the Orb.
     0 | D:1      | Reached XP level 1. HP: 22/22 MP: 0/0
   113 | D:1      | Reached XP level 2. HP: 29/29 MP: 1/1
   262 | D:1      | Reached XP level 3. HP: 36/36 MP: 2/2
   291 | D:1      | Reached skill level 3 in Unarmed Combat
   386 | D:1      | Found Vaeraew's Book Shoppe.
   756 | D:2      | Reached XP level 4. HP: 44/44 MP: 3/3
  1265 | D:3      | Reached skill level 4 in Unarmed Combat
  1265 | D:3      | Reached XP level 5. HP: 49/53 MP: 4/4
  1699 | D:3      | Found a faded altar of an unknown god.
  1706 | D:3      | Reached XP level 6. HP: 61/61 MP: 5/5
  1715 | D:3      | Got Plato's Volume of Feathers
  1815 | D:3      | Found a sacrificial altar of Ru.
  1816 | D:3      | Found an iron altar of Okawaru.
  1828 | D:3      | Became a worshipper of Ru the Awakened
  2053 | D:4      | Reached skill level 5 in Unarmed Combat
  2331 | D:4      | Found Quxkas's General Store.
  2340 | D:4      | Bought a scroll of summoning for 133 gold pieces
  2340 | D:4      | Bought a scroll of identify for 28 gold pieces
  2344 | D:4      | Found a broken altar of Ashenzari.
  2426 | D:4      | You are sucked into a shaft and drop 1 floor!
  2426 | D:5      | Entered Level 5 of the Dungeon
  2432 | D:5      | Reached XP level 7. HP: 68/68 MP: 6/6
  2442 | D:5      | Reached skill level 1 in Evocations
  2529 | D:5      | Reached skill level 6 in Unarmed Combat
  2665 | D:5      | Found a radiant altar of Vehumet.
  2924 | D:5      | Found a bloodstained altar of Trog.
  3554 | D:6      | Reached XP level 8. HP: 79/79 MP: 7/7
  3609 | D:6      | Reached skill level 7 in Unarmed Combat
  4059 | D:6      | Noticed Grinder
  4066 | D:6      | Killed Grinder
  4067 | D:6      | Reached skill level 5 in Fighting
  4102 | D:6      | Noticed Duvessa
  4102 | D:6      | Noticed Dowan
  4124 | D:6      | Killed Duvessa
  4125 | D:6      | Reached skill level 8 in Unarmed Combat
  4130 | D:6      | Killed Dowan
  4590 | D:7      | Reached XP level 9. HP: 88/88 MP: 8/8
  4745 | D:7      | Found Eurybarus's Dragon-Slaying Spoils.
  4783 | D:7      | Found a staircase to the Ecumenical Temple.
  4798 | Temple   | Entered the Ecumenical Temple
  4809 | Temple   | Fell from the grace of Ru
  4809 | Temple   | Became a worshipper of Qazlal Stormbringer
  4840 | D:7      | Found a white marble altar of Elyvilon.
  4842 | D:7      | Found an ornate altar of the Wu Jian Council.
  4846 | D:7      | Found a hide-covered altar of Uskayaw.
  4847 | D:7      | Found a shadowy altar of Dithmenos.
  4896 | D:7      | Reached skill level 9 in Unarmed Combat
  5228 | D:8      | Found a glowing silver altar of Zin.
  5229 | D:8      | Found an opulent altar of Gozag.
  5289 | D:8      | Found a runed translucent gate.
  5289 | D:8      | Found a runed translucent gate.
  5289 | D:8      | Found a runed translucent gate.
  5292 | D:8      | Noticed RNPValinor's ghost (novice DsFi)
  5341 | D:8      | Paralysed by a hornet for 3 turns
  5569 | D:8      | Reached * piety under Qazlal
  5584 | D:8      | Reached skill level 10 in Unarmed Combat
  5713 | D:8      | Noticed an efreet
  5715 | D:8      | Killed an efreet
  5762 | D:8      | Reached XP level 10. HP: 68/100 MP: 9/9
  6085 | D:9      | Found Itsupix's Armour Emporium.
  6735 | D:9      | Reached skill level 11 in Unarmed Combat
  6735 | D:9      | Reached skill level 5 in Evocations
  6866 | D:9      | Found a sparkling altar of Nemelex Xobeh.
  6993 | D:10     | Entered Level 10 of the Dungeon
  7335 | D:10     | Reached ** piety under Qazlal
  7385 | D:10     | Reached skill level 1 in Invocations
  7826 | D:10     | Noticed a hell knight
  7827 | D:10     | Noticed a hell knight
  7845 | D:10     | Noticed a hell knight
  8072 | D:10     | Noticed a two-headed ogre
  8078 | D:10     | Killed a two-headed ogre
  8285 | D:11     | Found a staircase to the Lair.
  8323 | D:11     | Noticed a cyan ugly thing
  8432 | D:11     | Killed a cyan ugly thing
  8433 | D:11     | Reached XP level 11. HP: 70/109 MP: 11/11
  8474 | Lair:1   | Entered Level 1 of the Lair of Beasts
  8623 | Lair:1   | Reached skill level 5 in Shields
  8632 | Lair:1   | Noticed a four-headed hydra
  8641 | Lair:1   | Killed a four-headed hydra
  8642 | Lair:1   | Reached skill level 12 in Unarmed Combat
  8685 | Lair:1   | Identified the +4 plate armour "Suse" {rPois Slay+4}
  8803 | Lair:1   | Noticed Fannar
  8817 | Lair:1   | Killed Fannar
  8841 | D:10     | Identified 2 scrolls of acquirement
  8841 | D:10     | Acquired 969 gold pieces
  8843 | D:10     | Acquired 943 gold pieces
  8995 | D:7      | Bought +0 gold dragon scales for 1040 gold pieces
  9416 | D:10     | Slain by a hell knight

Illustrated notes

Levels and vault maps discovered:
D:1:      wander_arrival_estate, layout_rooms, serial_shops, nicolae_shop_trees
D:2:      layout_loops_ring, minmay_between
D:3:      layout_loops_ring, gammafunk_temple_overflow_statue,
          shapermc_ecumenical_altar_rom_forum, minmay_ruptured
D:4:      layout_cave_pools, nicolae_ashenzari_skybound, serial_shops, shop,
          mrwooster_statue_mirror, minmay_misc_feat_iff
D:5:      layout_loops_ring, mainiacjoe_overflow_alcove_2, fiery_altar_vehumet,
          minmay_misc_feat_ornament, minivault_23
D:6:      layout_gridville, nrook_campfire, uniq_grinder, uniq_duvessa
D:7:      layout_cave_pools, grunt_temple_overflow_open,
          minmay_temple_entry_stoned_glass, serial_undead, serial_undead_f,
          serial_undead_e, serial_undead_c, serial_undead_c,
          nicolae_shop_dragon_depot, nicolae_water_bricks
D:8:      layout_cave_pods, grunt_temple_overflow_gold_and_silver,
          gammafunk_ghost_split, minivault_27
D:9:      layout_gridville, mainiacjoe_overflow_surrounded_room, serial_shops,
          kennysheep_mini, minivault_4
D:10:     layout_basic, minmay_rotating_lava
D:11:     layout_basic, lair_entry_dummy
Temple:   chequers_temple_sunken
Lair:1:   layout_hall_layers, grunt_megastairs_4, uniq_fannar

Skill      XL: |  1  2  3  4  5  6  7  8  9 10 11 |
---------------+----------------------------------+-----
Unarmed Combat | 3 4 5 6 8 10 11 12 | 12.0
Fighting       | 3 4 5 6 7 |  7.6
Shields        | 3 4 5 |  5.4
Evocations     | 2 3 4 5 |  5.9
Invocations    | 2 3 |  3.3
Dodging        | |  2.4

Action                   |  1- 3 |  4- 6 |  7- 9 | 10-12 || total
-------------------------+-------+-------+-------+-------++-------
Melee: Unarmed           |   113 |   207 |   272 |   215 ||   807
       Punch             |     2 |     4 |     9 |     7 ||    22
Throw: Dart              |       |       |       |     7 ||     7
Invok: Upheaval          |       |       |       |     5 ||     5
Evoke: Wand              |       |       |     6 |    10 ||    16
  Use: Scroll            |       |     6 |     2 |    14 ||    22
       Potion            |       |       |       |     2 ||     2
Armor: Robe              |    52 |    66 |    54 |    26 ||   198
Dodge: Dodged            |    65 |   131 |   258 |   182 ||   636
Block: Other             |       |       |     2 |    22 ||    24
       Kite shield       |       |       |       |     1 ||     1

Table legend: (Time is in decaauts)
 A = Elapsed time spent in this place.
 B = Non-inter-level travel time spent in this place.
 C = Inter-level travel time spent in this place.
 D = Time resting spent in this place.
 E = Time spent auto-exploring this place.
 F = Levels seen in this place.
 G = Mean time per level.
                   A        B        C        D        E       F      G
               +--------+--------+--------+--------+--------+-----+--------+
         Total |   9319 |   8407 |    912 |    248 |   1521 |  13 |  716.8 |
       Dungeon |   8943 |   8059 |    884 |    194 |   1451 |  11 |  813.0 |
        Temple |     26 |     26 |      0 |      0 |      0 |   1 |   26.0 |
          Lair |    349 |    321 |     28 |     54 |     70 |   1 |  349.0 |
               +--------+--------+--------+--------+--------+-----+--------+

Top non-repeatable levels by time:
    D:10: 1381 daAuts
     D:9: 1141 daAuts
     D:6: 1044 daAuts
     D:8: 968 daAuts
     D:5: 849 daAuts
     D:3: 769 daAuts
     D:7: 768 daAuts
     D:2: 681 daAuts
     D:4: 571 daAuts
     D:1: 499 daAuts
  Lair:1: 349 daAuts
    D:11: 269 daAuts
  Temple: 26 daAuts
